 Dungeon Crawl Stone Soup version 0.28.0 (webtiles) character file.

Game seed: 6225135621078348691

66 HallandMoats the Skirmisher (level 4, 40/40 HPs)
             Began as a Ghoul Fighter on Feb 8, 2022.
             Was an Initiate of Ru.
             Safely got out of the dungeon.
             The game lasted 00:01:42 (1741 turns).

HallandMoats the Skirmisher (Ghoul Fighter)         Turns: 1741, Time: 00:01:43

Health: 40/40      AC:  7    Str: 19    XL:     4   Next: 15%
Magic:  4/4        EV:  9    Int:  5    God:    Ru [......]
Gold:   117        SH:  4    Dex:  8    Spells: 3/3 levels left

rFire   . . .      SeeInvis .   a - +0 trident
rCold   + . .      Faith    .   c - +0 buckler
rNeg    + + +      Spirit   .   b - +0 scale mail
rPois   ∞          Reflect  .   (no helmet)
rElec   .          Harm     .   (no cloak)
rCorr   .          Rampage  .   (no gloves)
Will    .....                   f - +0 pair of boots
Stlth   ..........              (no amulet)
HPRegen 0.13/turn               (no ring)
MPRegen 0.09/turn               (no ring)

@: no status effects
A: claws 1, cold resistance 1, negative energy resistance 3, inhibited
regeneration, torment resistance 2
a: Renounce Religion, Sacrifice an Eye, Sacrifice Essence, Sacrifice Health,
Reject Sacrifices


You escaped.
You worshipped Ru.
Ru was noncommittal.
You visited 1 branch of the dungeon, and saw 2 of its levels.

You collected 117 gold pieces.

Inventory:

Hand Weapons
 a - a +0 trident (weapon)
Armour
 b - a +0 scale mail (worn)
 c - a +0 buckler (worn)
 f - a +0 pair of boots (worn)
Scrolls
 e - a scroll of acquirement {unknown}
 h - a scroll of silence {unknown}
 i - a scroll of enchant weapon {unknown}
Potions
 d - 2 potions of might
 g - a potion of flight {unknown}


   Skills:
 * Level 3.9 Fighting
 * Level 2.3 Polearms
 + Level 2.9 Armour
 + Level 0.6 Dodging
 + Level 2.9 Shields
 * Level 1.5 Invocations


You had 3 spell levels left.
You didn't know any spells.
Your spell library was empty.

Dungeon Overview and Level Annotations

Branches:
Dungeon (2/15)

Altars:
Ru


Innate Abilities, Weirdness & Mutations

You thrive by killing the living.
You are immune to poison.
You have sharp fingernails.
Your flesh is cold resistant. (rC+)
You are immune to negative energy. (rN+++)
You do not regenerate when monsters are visible.
You are immune to unholy pain and torment.


Message History

You see here a +0 falchion.
There is an open door here.
There is an open door here.
You see here 2 boomerangs.
There is an open door here.
There is an open door here.
There is a shaft here.
There is a faded altar of an unknown god here.
You cannot tell which god this altar belongs to.
Convert to them anyway?
Ru accepts your prayer! Ru welcomes you!
Unknown command.
Press < or > to pray at altars.
Done exploring.
Done exploring.
Done exploring.
Done exploring.
Done exploring.
(D) Dungeon
Where to? (Enter - D:2 @ (x,y), ? - help)
What level of the Dungeon? (default 1, ? - help)
There is a shaft here.
There is an open door here.
Ru believes you are ready to make a new sacrifice.
Okay, then.
(D) Dungeon
Where to? (Enter - D:3, ? - help)
What level of the Dungeon? (default 1, ? - help)
There is an open door here.
You see here 2 boomerangs.
There is a stone staircase leading up here.
You climb upwards.
There is a stone staircase leading down here.
There is a staircase leading out of the dungeon here.
Your library has no spells.
Your library has no spells.
Are you sure you want to leave the Dungeon?
This will make you lose the game! [Y]es or [N]o only, please.
Are you sure you want to leave the Dungeon?
This will make you lose the game!
You have escaped!

#########....(..#
#####.......... #.##..###
#.............. ###.###.##
##.##...........
#....###.###.###.########..
#.#..# ##.#.## #..# ###
#.#..## ##.## ##..#
###.#[#.###.#.###.#.#
#.....##.#.#.#.#.##.#
#.#.#.###.#.@.#.###.#
#.#.).##.#.#.#.#.##.##
#.##.##.###.#.###.#..#
#.##.#.## ##.## ##.#.#
#.#....####.#.####.#.#
#........#.###.##..#.#
##.....#..## ##.#.##.#
#.#####.## #...##.# #.# #.#
###.##.##


There were no monsters in sight!

Vanquished Creatures
  2 adders (D:2)
  2 worms (D:2)
  3 ball pythons
  7 endoplasms
  A giant cockroach (D:2)
  5 goblins
  4 hobgoblins
  2 quokkas
  4 bats (D:1)
  2 frilled lizards
  4 kobolds (D:1)
  5 rats
41 creatures vanquished.

Notes
Turn   | Place    | Note
-------+----------+-------------------------------------------
     0 | D:1      | HallandMoats the Ghoul Fighter began the quest for the Orb.
     0 | D:1      | Reached XP level 1. HP: 19/19 MP: 0/0
   305 | D:1      | Reached XP level 2. HP: 26/26 MP: 1/1
   543 | D:1      | Reached skill level 1 in Invocations
   685 | D:1      | Reached XP level 3. HP: 31/31 MP: 2/2
  1134 | D:2      | Reached XP level 4. HP: 40/40 MP: 4/4
  1292 | D:2      | Found a faded altar of an unknown god.
  1615 | D:2      | Prayed at the altar of an unknown god.
  1615 | D:2      | Became a worshipper of Ru the Awakened
  1741 | D:$      | Safely got out of the dungeon.

Illustrated notes

Levels and vault maps discovered:
D:1:      minmay_arrival_diagonal_passages, layout_basic
D:2:      layout_basic, hellmonk_ecumenical_altar_leap_of_faith, glass_columns_c

Skill      XL: |  1  2 |
---------------+-------+-----
Polearms       | 2 |  2.3
Invocations    | 1 |  1.5
Fighting       | |  3.9
Armour         | |  2.9
Dodging        | |  0.6
Shields        | |  2.9

Action                   |  1- 3 |  4- 6 || total
-------------------------+-------+-------++-------
Melee: Trident           |   118 |    15 ||   133
Armor: Scale mail        |    41 |       ||    41
Dodge: Dodged            |    47 |     4 ||    51
Block: Buckler           |    18 |     1 ||    19
